 Dungeon Crawl Stone Soup version 0.30-a0-373-gd37427bb62 (webtiles) character file.

Game seed: 1507135082785481197

58 karrick the Covered (level 4, -2/29 HPs)
             Began as a Gargoyle Fighter on Nov 23, 2022.
             Slain by an orc
             ... wielding a +0 club
              (3 damage)
             ... on level 2 of the Dungeon.
             The game lasted 00:01:54 (1612 turns).

karrick the Covered (Gargoyle Fighter)              Turns: 1612, Time: 00:01:56

Health: -2/29      AC: 10    Str: 20    XL:     4   Next: 1%
Magic:  4/4        EV:  9    Int:  8    God:
Gold:   80         SH:  4    Dex: 11    Spells: 3/3 levels left

rFire   . . .      SeeInvis .    a - +0 flail
rCold   . . .      Faith    .    c - +0 buckler
rNeg    + . .      Spirit   .    b - +0 scale mail
rPois   ∞          Reflect  .    (no helmet)
rElec   +          Harm     .    (no cloak)
rCorr   .          Rampage  .    (no gloves)
Will    .....                    (no boots)
Stlth   ..........               (no amulet)
HPRegen 0.24/turn                (no ring)
MPRegen 0.09/turn                (no ring)

@: no status effects
A: sickness immunity, AC +3, negative energy resistance 1, electricity
resistance, torment resistance 1, petrification resistance
a: no special abilities


You were on level 2 of the Dungeon.
You visited 1 branch of the dungeon, and saw 3 of its levels.

You collected 80 gold pieces.

Inventory:

Hand Weapons
 a - a +0 flail (weapon)
Armour
 b - a +0 scale mail (worn)
 c - a +0 buckler (worn)
Scrolls
 e - 3 scrolls of identify {unknown}
 f - a scroll of enchant weapon {unknown}
 g - a scroll of immolation {unknown}
 i - 2 scrolls of amnesia {unknown}
 k - a scroll of poison {unknown}
Potions
 d - 2 potions of might
 h - a potion of invisibility {unknown}
 j - a potion of heal wounds {unknown}
 l - 2 potions of flight {unknown}


   Skills:
 + Level 3.8 Fighting
 + Level 2.5 Maces & Flails
 + Level 3.9 Armour
 + Level 0.2 Dodging
 + Level 0.2 Stealth
 + Level 3.8 Shields


You had 3 spell levels left.
You didn't know any spells.
Your spell library contained the following spells:

 Spells                   Type           Power      Damage    Failure   Level
 Static Discharge         Conj/Air       0%         2-2/arc   94%         2
 Vhi's Electric Charge    Tloc/Air       0%         N/A       99%         3
 Arcjolt                  Conj/Air       0%         1d10      100%        5
 Lightning Bolt           Conj/Air       0%         1d11      100%        5


Dungeon Overview and Level Annotations

Branches:
Dungeon (3/15)

Altars:


Innate Abilities, Weirdness & Mutations

You are immune to sickness and miasma.
Your stone body is resilient. (AC +3)
You are immune to poison.
You resist negative energy. (rN+)
You are resistant to electric shocks. (rElec)
You are resistant to unholy torment.
You are immune to petrification.


Message History

You block the quokka's attack. The orc closely misses you.
You barely miss the orc priest.
The quokka bites you but does no damage.
The orc priest hits you but does no damage.
The orc hits you with a +0 club. The quokka barely misses you.
You closely miss the orc wizard. You block the quokka's attack.
The orc priest miscasts a cantrip.
The orc wizard hits you with a +0 dagger.
The orc barely misses you.
You sock the orc wizard!
The orc wizard is severely wounded.
The quokka closely misses you.
The orc priest mumbles some strange prayers to Beogh against you.
Beogh smites you!
Ouch! That really hurt!
You block the orc wizard's attack. The orc hits you but does no damage.
The quokka bites you but does no damage.
There are monsters nearby!
The orc hits you but does no damage. The orc attacks as you move away!
The orc hits you but does no damage.
The orc priest attacks as you move away!
The orc priest barely misses you.
The orc wizard gestures wildly while chanting.
The orc wizard flickers and vanishes!
Deactivating autopickup; reactivate with Ctrl-A.
There is a stone staircase leading up here.
The orc priest hits you but does no damage.
You block the orc's attack. The quokka closely misses you.
You climb upwards.
Reactivating autopickup.
There is a stone staircase leading down here.
Unknown command.
The orc priest hits you with a +0 mace.
You hit the orc priest.
The orc priest is moderately wounded.
The orc priest mumbles some strange prayers to Beogh against you.
Beogh smites you!
* * * LOW HITPOINT WARNING * * *
The orc hits you with a +0 club.
You die...

#..####.........###..##.#
#..## #.........###..#..#
#...# #########.....[..##
##..# #....##'### #..###
####.......... #....##
#.......#.....
#.##..#####..)...##.....
#.###...##.......##.....
#.#####@#........##.....
#.....)oo.#......##.....
###########.....[###....
#......# ##### #......#
#......# #......#
#......# ########


You could see an orc priest and an orc.

Vanquished Creatures
  A worm (D:2)
  4 dart slugs
  A bat (D:1)
  7 endoplasms
  2 giant cockroaches (D:2)
  6 goblins
  4 hobgoblins
  2 jackals (D:2)
  3 kobolds
  2 quokkas
  3 ball pythons
  4 frilled lizards
  4 rats
43 creatures vanquished.

Notes
Turn   | Place    | Note
-------+----------+-------------------------------------------
     0 | D:1      | karrick the Gargoyle Fighter began the quest for the Orb.
     0 | D:1      | Reached XP level 1. HP: 14/14 MP: 1/1
   223 | D:1      | Reached XP level 2. HP: 19/19 MP: 2/2
   607 | D:1      | Reached XP level 3. HP: 23/23 MP: 3/3
   849 | D:2      | Found a faded altar of an unknown god.
  1446 | D:2      | You fall into a shaft and drop 1 floor!
  1483 | D:3      | Reached XP level 4. HP: 28/29 MP: 4/4
  1612 | D:2      | HP: 1/29 [orc priest/divine providence (9)]
  1612 | D:2      | Slain by an orc

Illustrated notes

Levels and vault maps discovered:
D:1:      dpeg_arrival_three_smaller_balls, layout_loops_ring
D:2:      layout_basic, basic_ecumenical_altar, amethyst_killhole
D:3:      layout_loops_ring, uniq_ijyb, uniq_crazy_yiuf_cottage

Action                   |  1- 3 |  4- 6 || total
-------------------------+-------+-------++-------
Melee: Flail             |   146 |     7 ||   153
Armor: Scale mail        |    99 |     7 ||   106
Dodge: Dodged            |    84 |     6 ||    90
Block: Buckler           |    36 |     7 ||    43

Table legend: (Time is in decaauts)
 A = Elapsed time spent in this place.
 B = Non-inter-level travel time spent in this place.
 C = Inter-level travel time spent in this place.
 D = Time resting spent in this place.
 E = Time spent auto-exploring this place.
 F = Levels seen in this place.
 G = Mean time per level.
                   A        B        C        D        E       F      G
               +--------+--------+--------+--------+--------+-----+--------+
         Total |   1662 |   1590 |     72 |      0 |   1266 |   3 |  554.0 |
       Dungeon |   1662 |   1590 |     72 |      0 |   1266 |   3 |  554.0 |
               +--------+--------+--------+--------+--------+-----+--------+

Top non-repeatable levels by time:
     D:1: 793 daAuts
     D:2: 792 daAuts
     D:3: 75 daAuts
